 Dungeon Crawl Stone Soup version 0.28-a0-479-g5baa6b73be (webtiles) character file.

Game seed: 6604284658438089756

10423 Dabor the Covert (level 11, 0/54 HPs)
             Began as a Spriggan Enchanter on Sept 19, 2021.
             Was an Elder of Trog.
             Slain by a troll (11 damage)
             ... while paralysed by a hornet
             ... on level 10 of the Dungeon.
             The game lasted 00:24:32 (10142 turns).

Dabor the Covert (Spriggan Enchanter)              Turns: 10142, Time: 00:24:33

Health: 0/54       AC:  8    Str:  7    XL:     11   Next: 36%
Magic:  16/16      EV:  4    Int: 20    God:    Trog [****..]
Gold:   223        SH:  0    Dex: 16    Spells: 15/15 levels left

rFire   . . .      SeeInvis +   C - +7 Singing Sword {vorpal, sonic wave}
rCold   . . .      Faith    .   (shield currently unavailable)
rNeg    . . .      Spirit   .   z - +1 robe of Tehele {Regen+}
rPois   .          Reflect  +   (helmet restricted)
rElec   .          Harm     .   e - +0 cloak
rCorr   .          Rampage  .   (gloves unavailable)
Will    +....                   (boots unavailable)
Stlth   +++++.....              w - amulet of reflection
HPRegen 1.18/turn               q - +4 ring of slaying
MPRegen 0.15/turn               F - ring "Onosyowk" {AC+4 Int+3}

@: paralysed, slowed, very quick
A: very small, no large weapons, unfitting armour, see invisible, speed 3
a: Renounce Religion, Berserk, Trog's Hand, Brothers in Arms


You were on level 10 of the Dungeon.
You worshipped Trog.
Trog was greatly pleased with you.
You visited 1 branch of the dungeon, and saw 10 of its levels.

You collected 362 gold pieces.
You spent 139 gold pieces at shops.

Inventory:

Hand Weapons
 a - a +1 dagger
 s - a +0 dagger of venom
 u - a +2 dagger of protection
 A - the +10 mace "Transmigrator" {flame, rC+ Str+4 Int-3}
   (You found it on level 6 of the Dungeon)

   It burns those it strikes, dealing additional fire damage.
   Str:       It affects your strength (+4).
   Int:       It affects your intelligence (-3).
   rC:        It protects you from cold.
 C - the +7 Singing Sword (weapon) {vorpal, sonic wave}
   (You found it on level 6 of the Dungeon)

   It inflicts extra damage upon your enemies.
   It radiates damaging sonic waves as it strikes, especially in combat
   involving dangerous or numerous foes.
Missiles
 E - 2 throwing nets (quivered)
Armour
 b - a +0 robe
 e - a +0 cloak (worn)
 z - the +1 robe of Tehele (worn) {Regen+}
   (You bought it in a shop on level 6 of the Dungeon)

   Regen:     It increases your rate of health regeneration.
 G - a +0 buckler
Jewellery
 n - a ring of ice
 q - a +4 ring of slaying (left hand)
 t - a ring of fire
 w - an amulet of reflection (around neck)
 D - a +4 ring of protection
 F - the ring "Onosyowk" (right hand) {AC+4 Int+3}
   (You found it on level 7 of the Dungeon)

   [ring of protection]

   AC:        It affects your AC (+4).
   Int:       It affects your intelligence (+3).
 I - a ring of protection from fire
 M - a ring of ice
 P - a ring of fire
Wands
 j - a wand of iceblast (20)
 k - a wand of flame (40)
 x - a wand of mindburst (27)
 O - a wand of digging (6)
Scrolls
 f - 2 scrolls of fear
 h - a scroll of holy word {unknown}
 i - 5 scrolls of identify
 l - 2 scrolls of blinking
 m - 2 scrolls of immolation
 y - 2 scrolls of enchant weapon
 B - a scroll of teleportation
 H - a scroll of magic mapping {unknown}
 J - a scroll of brand weapon {unknown}
 K - a scroll of vulnerability {unknown}
 L - 2 scrolls of enchant armour {unknown}
Potions
 c - 2 potions of invisibility
 d - a potion of berserk rage
 g - a potion of flight
 o - a potion of resistance
 p - a potion of curing
 r - a potion of lignification
 v - a potion of haste
 N - a potion of cancellation {unknown}
 Q - a potion of brilliance {unknown}
 R - a potion of mutation {unknown}


   Skills:
 - Level 4.6 Fighting
 - Level 7.6(10.9) Short Blades
 * Level 9.6(10.3) Long Blades
 - Level 8.3 Dodging
 - Level 12.1 Stealth
 - Level 2.9 Spellcasting
 - Level 3.8 Hexes
 - Level 5.5 Evocations


You had 15 spell levels left.
You didn't know any spells.
Your spell library contained the following spells:

 Spells                   Type           Power      Damage    Failure   Level
 Confusing Touch          Hex            18%        N/A       9%          3
 Tukima's Dance           Hex            18%        N/A       9%          3
 Ensorcelled Hibernation  Hex/Ice        20%        N/A       10%         2
 Dazzling Flash           Conj/Hex       20%        N/A       21%         3


Dungeon Overview and Level Annotations

Branches:
Dungeon (10/15)            Temple (0/1) D:6            Lair (0/6) D:10
    Orc: D:9-12

Altars:
Ashenzari
Hepliaklqana
Ru
Trog
Uskayaw
Yredelemnul

Shops:
D:3 :   D:6 [


Innate Abilities, Weirdness & Mutations

You are very small and have problems with some larger weapons.
You are too small for most types of armour.
You have supernaturally acute eyesight. (SInv)
You cover ground extremely quickly. (Speed+++)


Message History

You destroy the wight!
Trog accepts your kill.
You hear a splash. x2
The hornet misses you.
The wight hits you with a +1 vampiric hand axe.
The hornet stings you.
You feel yourself slow down.
You slash the hornet!
The Singing Sword erupts into mad laughter!
You send a blast of sound all around you.
The hounds, the wolf, the troll, the hornet and the wight are blasted.
You kill the hound!
Trog accepts your kill.
You kill the hound!
Trog accepts your kill.
You kill the wolf!
Trog accepts your kill.
The troll is heavily wounded.
The hornet is severely wounded.
You destroy the wight!
Trog accepts your kill.
You hear a splash. x2
The hornet is severely wounded.
You hear an angry hiss.
You hear a shout!
You hear an angry hiss.
You hear an angry buzzing noise.
You hear two shouts!
You hear a bellow!
You hear a shout!
You hear a howl!
You hear a shout! x2
The hornet barely misses you. The hornet closely misses you.
You miss the hornet.
The hornet is severely wounded.
You feel yourself speed up. The hornet misses you. The hornet stings you.
You feel yourself slow down.
You hit the troll.
The troll is heavily wounded.
The hornet stings you.
You suddenly lose the ability to move!
The troll barely misses you. The troll claws you! x2
The hornet barely misses you.
An electric eel comes into view.
The troll bites you!
* * * LOW HITPOINT WARNING * * *
The troll claws you!
You die...

#.# #.# #.# ##.####
###.....#
#...###.#########
#................
##..≈...(..≈......
######....≈≈...@†......
##......#..≈≈≈≈yT).≈....
...######.≈.≈≈≈≈≈.≈.≈≈..
#### #...≈≈≈≈≈≈≈≈≈...
#≈≈≈≈≈≈†≈≈≈≈≈...
#≈≈≈≈≈.≈†≈.≈≈≈≈(
#≈≈≈≈≈≈....≈≈≈..
#≈≈≈≈≈≈.>.≈.;≈..
#≈≈≈≈≈≈.....≈.≈.


You could see a troll, a hornet and an electric eel (wandering).

Vanquished Creatures
  6 centaur zombies (D:9)
  A centaur skeleton (D:9)
  A komodo dragon (D:8)
  2 hellwings (D:9)
  A hornet (D:9)
  A meliai (D:8)
  Sigmund (D:4)
  A wyvern (D:6)
  11 yaks
  A steam dragon (D:9)
  3 water moccasins
  3 orc warriors
  2 ice beasts
  2 necrophages
  2 black bears (D:6)
  An ogre (D:6)
  2 sky beasts
  2 centaurs
  3 wolves (D:10)
  A phantom (D:6)
  2 kobold brigands
  Blork the orc (D:5)
  A water moccasin zombie (D:5)
  A bullfrog (D:8)
  2 gnoll sergeants
  A wyvern zombie (D:7)
  6 scorpions (D:6)
  A wyvern skeleton (D:7)
  A water moccasin skeleton (D:6)
  5 killer bees
  7 wights
  4 howler monkeys
  A bullfrog zombie (D:6)
  2 jellies
  3 orc priests
  3 hounds (D:10)
  2 bullfrog skeletons
  A gnoll shaman (D:4)
  Terence (D:2)
  4 orc wizards
  An iguana (D:5)
  A killer bee zombie (D:6)
  A hound zombie (D:5)
  2 howler monkey zombies
  20 gnolls
  10 adders
  A howler monkey skeleton (D:7)
  4 shadow imps
  A white imp (D:6)
  An adder skeleton (D:2)
  2 worms
  3 dart slugs
  16 orcs
  7 endoplasms
  6 giant cockroaches
  9 goblins
  6 hobgoblins
  5 jackals
  14 kobolds
  3 quokkas
  12 ball pythons
  8 bats
  3 frilled lizards (D:1)
  5 rats
237 creatures vanquished.

Vanquished Creatures (collateral kills)
  2 meliai (D:8)
  A kobold brigand (D:7)
  3 killer bees (D:7)
  Jessica (D:2)
  2 kobolds (D:7)
9 creatures vanquished.

Vanquished Creatures (others)
  6 withered plants (D:9)
6 creatures vanquished.

Grand Total: 252 creatures vanquished

Notes
Turn   | Place    | Note
-------+----------+-------------------------------------------
     0 | D:1      | Dabor the Spriggan Enchanter began the quest for the Orb.
     0 | D:1      | Reached XP level 1. HP: 9/9 MP: 5/5
   154 | D:1      | Found a faded altar of an unknown god.
   165 | D:1      | Reached XP level 2. HP: 13/13 MP: 6/6
   289 | D:1      | Became a worshipper of Trog the Wrathful
   289 | D:1      | Reached * piety under Trog
   853 | D:1      | Reached skill level 5 in Stealth
   860 | D:1      | Reached XP level 3. HP: 15/16 MP: 8/8
  1407 | D:2      | Reached ** piety under Trog
  1789 | D:2      | Noticed Terence
  1801 | D:2      | Killed Terence
  1802 | D:2      | Reached XP level 4. HP: 21/21 MP: 9/9
  2067 | D:2      | Noticed Jessica
  2080 | D:2      | Killed Jessica
  2081 | D:2      | Reached skill level 6 in Stealth
  2664 | D:3      | You fall into a shaft and drop 2 floors!
  2664 | D:5      | Entered Level 5 of the Dungeon
  2684 | D:5      | Noticed a sky beast
  2694 | D:5      | Reached skill level 1 in Fighting
  2694 | D:5      | Reached XP level 5. HP: 25/25 MP: 10/10
  2698 | D:5      | Killed a sky beast
  2699 | D:5      | Reached skill level 7 in Stealth
  2699 | D:5      | Reached XP level 6. HP: 30/30 MP: 11/11
  3044 | D:4      | Noticed Sigmund
  3052 | D:4      | Killed Sigmund
  3053 | D:4      | Reached skill level 8 in Stealth
  3053 | D:4      | Reached XP level 7. HP: 35/35 MP: 12/12
  3400 | D:4      | Reached skill level 5 in Dodging
  3515 | D:4      | Found the +6 lightning scales {swift, rElec}
  3736 | D:4      | Found a hazy altar of Hepliaklqana.
  4109 | D:5      | Reached skill level 1 in Evocations
  4512 | D:3      | Reached skill level 5 in Short Blades
  4896 | D:3      | Found Onellot's Book Boutique.
  5274 | D:3      | Reached *** piety under Trog
  5886 | D:5      | Reached skill level 9 in Stealth
  6175 | D:5      | Noticed Blork the orc
  6190 | D:5      | Killed Blork the orc
  6197 | D:5      | Reached XP level 8. HP: 39/39 MP: 13/13
  6868 | D:5      | Reached skill level 10 in Stealth
  7322 | D:6      | Reached XP level 9. HP: 44/44 MP: 14/14
  7327 | D:6      | Found a staircase to the Ecumenical Temple.
  7408 | D:6      | Found Ukyxy's Armour Boutique.
  7413 | D:6      | Bought the +1 robe of Tehele {Regen+} for 139 gold pieces
  7482 | D:6      | Identified the +10 mace "Transmigrator" {flame, rC+ Str+4
                  | Int-3}
  7511 | D:6      | Reached skill level 11 in Stealth
  7736 | D:6      | Found a broken altar of Ashenzari.
  7883 | D:6      | Found the +7 Singing Sword {vorpal, sonic wave}
  7886 | D:6      | Reached **** piety under Trog
  7935 | D:6      | Reached skill level 5 in Evocations
  8165 | D:7      | Identified the +1 shortbow of Gallantry {flame, rN+ MP-9
                  | Dex+3}
  8218 | D:7      | Reached skill level 12 in Stealth
  8258 | D:7      | Identified the ring "Onosyowk" {AC+4 Int+3}
  8329 | D:7      | Reached skill level 1 in Long Blades
  8557 | D:8      | Noticed a komodo dragon
  8566 | D:8      | Killed a komodo dragon
  8567 | D:8      | Reached XP level 10. HP: 51/51 MP: 15/15
  9052 | D:8      | Reached skill level 5 in Long Blades
  9270 | D:9      | Found a hide-covered altar of Uskayaw.
  9309 | D:9      | Reached XP level 11. HP: 54/54 MP: 16/16
  9497 | D:9      | Paralysed by a hornet for 3 turns
  9602 | D:9      | Noticed a lindwurm
  9602 | D:9      | Noticed a lindwurm
  9606 | D:9      | Noticed a lindwurm
  9711 | D:9      | Noticed a lindwurm
  9909 | D:9      | Found a bloodstained altar of Trog.
  9909 | D:9      | Found a basalt altar of Yredelemnul.
  9971 | D:10     | Entered Level 10 of the Dungeon
 10051 | D:10     | Found a sacrificial altar of Ru.
 10115 | D:10     | Found a staircase to the Lair.
 10142 | D:10     | Paralysed by a hornet for 1 turns
 10142 | D:10     | Slain by a troll

Illustrated notes

Levels and vault maps discovered:
D:1:      sevenhm_arrival_forest_fort_small_4, layout_basic,
          dreamdust_ecumenical_altar_angels_and_demons
D:2:      layout_rooms, uniq_jessica, uniq_terence
D:3:      layout_loops_ring, serial_shops, nicolae_shop_window_shopping,
          gup_sewer_entry_glass, mrwooster_statue_mirror, serial_bayou_ford_a
D:4:      layout_basic, kennysheep_mini, uniq_sigmund
D:5:      layout_rooms, skrybe_limestone_x, kennysheep_small_circle,
          uniq_blork_the_orc
D:6:      old_forge, layout_loops_ring, mainiacjoe_overflow_surrounded_room,
          minmay_temple_entry_statues_fountains, serial_shops,
          nicolae_shop_trees, serial_park_tiny_1, grunt_decor_resistance
D:7:      layout_basic
D:8:      layout_loops_ring
D:9:      cheibrodos_grave_circle, layout_loops_ring,
          gammafunk_temple_overflow_elements,
          mainiacjoe_overflow_concentric_impassable, nrook_loot_triangle,
          minmay_lindwurm_lava
D:10:     minmay_bubble_buster, layout_basic, nicolae_ru_awakened_eye,
          erik_lair_island, enter_bailey_2, kennysheep_island_fort

Skill      XL: |  1  2  3  4  5  6  7  8  9 10 11 |
---------------+----------------------------------+-----
Dodging        | 3 4 5 6 8 |  8.3
Stealth        | 5 6 7 8 9 10 12 | 12.1
Short Blades   | 2 3 4 5 7 |  7.6
Fighting       | 1 2 3 4 |  4.6
Evocations     | 2 4 5 |  5.5
Long Blades    | 3 8 9 |  9.6
Spellcasting   | |  2.9
Hexes          | |  3.8

Action                   |  1- 3 |  4- 6 |  7- 9 | 10-12 || total
-------------------------+-------+-------+-------+-------++-------
Melee: Dagger            |   151 |   122 |   451 |       ||   724
       Mace              |       |       |    74 |       ||    74
       Double sword      |       |       |    49 |   101 ||   150
Throw: Throwing net      |       |       |       |     1 ||     1
       Dart              |       |       |       |     3 ||     3
Invok: Berserk           |     5 |     6 |    17 |     5 ||    33
       Trog's Hand       |       |     1 |     4 |     1 ||     6
       Brothers in Arms  |       |       |     1 |     2 ||     3
  Use: Scroll            |       |     6 |       |     9 ||    15
       Potion            |       |       |       |     7 ||     7
 Stab: Sleeping          |    10 |     3 |    32 |     4 ||    49
       Held in net/web   |       |       |     1 |       ||     1
       Distracted        |       |       |       |     1 ||     1
Armor: Robe              |    20 |     6 |    82 |    28 ||   136
Dodge: Dodged            |   125 |    79 |   412 |   155 ||   771
Block: Other             |       |       |     9 |    31 ||    40
       Reflection        |       |       |       |     3 ||     3

Table legend: (Time is in decaauts)
 A = Elapsed time spent in this place.
 B = Non-inter-level travel time spent in this place.
 C = Inter-level travel time spent in this place.
 D = Time resting spent in this place.
 E = Time spent auto-exploring this place.
 F = Levels seen in this place.
 G = Mean time per level.
                   A        B        C        D        E       F      G
               +--------+--------+--------+--------+--------+-----+--------+
         Total |   8014 |   7634 |    380 |   2227 |   3414 |  10 |  801.4 |
       Dungeon |   8014 |   7634 |    380 |   2227 |   3414 |  10 |  801.4 |
               +--------+--------+--------+--------+--------+-----+--------+

Top non-repeatable levels by time:
     D:5: 1428 daAuts
     D:2: 1319 daAuts
     D:4: 1204 daAuts
     D:1: 897 daAuts
     D:6: 845 daAuts
     D:3: 791 daAuts
     D:8: 505 daAuts
     D:9: 503 daAuts
     D:7: 387 daAuts
    D:10: 131 daAuts
